[Event "DVM U12 2021-22"]
[Site "Naumburg"]
[Date "2022.03.27"]
[Round "4"]
[White "Zimmer, Tim"]
[Black "Smith, Tobias"]
[Result "1-0"]
[ECO "B27"]
[WhiteElo "1170"]
[BlackElo "1571"]
[Annotator "NA"]
[PlyCount "73"]
[EventDate "2022.03.25"]
[EventType "team-tourn"]
[EventRounds "7"]
[EventCountry "GER"]
[SourceTitle "playchess.com"]
[Source "ChessBase"]
[SourceQuality "1"]
[TimeControl "40/5400+30:1800+30"]

1. e4 c5 2. Nf3 g6 3. d4 cxd4 4. Qxd4 Nf6 5. e5 Nc6 6. Qd1 Nxe5 7. Bf4 Nxf3+ 8. Qxf3 Bg7 9. Bc4 O-O 10. Nc3 Qb6 11. Nb5 d6 12. O-O Bf5 13. Rfe1 Rac8 14. Bf1 a6 15. Be3 Qa5 16. Nd4 Be4 17. Qd1 Qa4 18. b3 Qd7 19. Bg5 Bf5 20. Rc1 Ne4 21. Bh4 g5 22. Nxf5 Qxf5 23. Bd3 gxh4 24. Rxe4 Qf6 25. Qh5 Qh6 26. Qxh6 Bxh6 27. Rce1 e5 28. Rxh4 Kg7 29. Bf5 Rc5 30. Rd1 Rc6 31. Rd3 Bg5 32. Rg4 Rxc2 33. Rxg5+ Kf6 34. Rxd6+ Kxg5 35. Bxc2 Rc8 36. Rd2 Kf4 37. Kf1 1-0

[Event "DVM U12 2021-22"]
[Site "Naumburg"]
[Date "2022.03.27"]
[Round "4"]
[White "Sato, Kai Nathan"]
[Black "Uhl, Henry"]
[Result "1-0"]
[ECO "B38"]
[WhiteElo "1151"]
[BlackElo "1301"]
[Annotator "NA"]
[PlyCount "79"]
[EventDate "2022.03.25"]
[EventType "team-tourn"]
[EventRounds "7"]
[EventCountry "GER"]
[SourceTitle "playchess.com"]
[Source "ChessBase"]
[SourceQuality "1"]
[TimeControl "40/5400+30:1800+30"]

1. e4 c5 2. Nf3 Nc6 3. d4 cxd4 4. Nxd4 g6 5. c4 Bg7 6. Be3 Nf6 7. Nc3 O-O 8. Be2 d6 9. O-O Bd7 10. f3 Rc8 11. Qd2 Ne5 12. b3 Qa5 13. f4 Nc6 14. Qc2 Ng4 15. Nxc6 bxc6 16. Bxg4 Bxg4 17. Bd2 Qb6+ 18. Kh1 Rfd8 19. h3 Bd7 20. Rf3 f5 21. Re1 e5 22. Na4 Qb7 23. c5 d5 24. exd5 e4 25. dxc6 Bxc6 26. Rf2 Bxa4 27. bxa4 Rd5 28. Be3 Bf6 29. Rb1 Qc6 30. Qc4 Kg7 31. Rb5 Rd3 32. Rb3 Rcd8 33. Rf1 Rxb3 34. axb3 Rd3 35. Re1 Bh4 36. Bd4+ Kf8 37. Re3 Rd2 38. Qb4 Bf2 39. Qxd2 Bxe3 40. Bxe3 1-0

[Event "DVM U12 2021-22"]
[Site "Naumburg"]
[Date "2022.03.27"]
[Round "4"]
[White "Roos Nazario, Valentin"]
[Black "Graham, David B"]
[Result "1/2-1/2"]
[ECO "B78"]
[WhiteElo "1140"]
[BlackElo "2128"]
[Annotator "ChessBase"]
[PlyCount "116"]
[EventDate "2022.03.25"]
[EventType "team-tourn"]
[EventRounds "7"]
[EventCountry "GER"]
[SourceTitle "playchess.com"]
[Source "ChessBase"]
[SourceQuality "1"]
[TimeControl "40/5400+30:1800+30"]

1. e4 c5 2. Nf3 d6 3. d4 cxd4 4. Nxd4 Nf6 5. Nc3 g6 6. Be3 Bg7 7. f3 Nc6 8. Qd2 O-O 9. Bc4 Bd7 10. O-O-O Rc8 11. Bb3 Nxd4 12. Bxd4 b5 13. Nd5 Nxd5 14. Bxd5 Bxd4 15. Qxd4 a5 16. a3 Qc7 17. c3 Rb8 18. b4 axb4 19. axb4 Bc6 20. Kb2 Bxd5 21. exd5 Rfc8 22. g4 Qc4 23. Rhe1 Rb7 24. Qxc4 Rxc4 25. Ra1 Rbc7 26. Re3 Rb7 27. Ra8+ Kg7 28. Re8 Rcc7 29. Re1 Ra7 30. Rb8 Rcb7 31. Rxb7 Rxb7 32. g5 Ra7 33. Kb3 Rc7 34. Re4 f5 35. Rd4 Kf7 36. c4 e5 37. dxe6+ Kxe6 38. cxb5 d5 39. f4 Rb7 40. b6 Rxb6 41. Ka4 Kd6 42. Ka5 Rb8 43. h3 Kc6 44. Ka4 Ra8+ 45. Kb3 Re8 46. Rd3 Re4 47. Rc3+ Kb6 48. Rc5 d4 49. Kc4 d3+ 50. Kxd3 Rxf4 51. Ke3 Rxb4 52. Rc3 Kb5 53. Kf3 Rc4 54. Rd3 Kc5 55. Rd7 Rh4 56. Kg3 Rh5 57. h4 Kc6 58. Rd2 Kc7 1/2-1/2

[Event "DVM U12 2021-22"]
[Site "Naumburg"]
[Date "2022.03.27"]
[Round "4"]
[White "Detjen, Mattes"]
[Black "Meusel, Theodor"]
[Result "0-1"]
[ECO "C02"]
[WhiteElo "1124"]
[BlackElo "1258"]
[Annotator "NA"]
[PlyCount "56"]
[EventDate "2022.03.25"]
[EventType "team-tourn"]
[EventRounds "7"]
[EventCountry "GER"]
[SourceTitle "playchess.com"]
[Source "ChessBase"]
[SourceQuality "1"]
[TimeControl "40/5400+30:1800+30"]

1. e4 e6 2. d4 d5 3. e5 c5 4. c3 Nc6 5. Nf3 Qb6 6. Be2 Bd7 7. O-O Nh6 8. Na3 Nf5 9. Nc2 Be7 10. a3 c4 11. Nb4 Na5 12. Nd2 Bg5 13. f4 Ne3 14. Qe1 Nxf1 15. Qxf1 Be7 16. Bg4 Nc6 17. b3 Nxb4 18. axb4 Bxb4 19. cxb4 Qxd4+ 20. Kh1 Qxa1 21. bxc4 Rc8 22. Nb3 Qc3 23. Bd1 Qxc4 24. Qe1 Ba4 25. Nc5 Bxd1 26. Qxd1 b6 27. Nd3 Qc2 28. Qf1 Rc3 0-1

[Event "DVM U12 2021-22"]
[Site "Naumburg"]
[Date "2022.03.27"]
[Round "4"]
[White "Goldschmidt, Jakob"]
[Black "Barthel, Jacob"]
[Result "0-1"]
[ECO "D00"]
[WhiteElo "1081"]
[BlackElo "1321"]
[Annotator "NA"]
[PlyCount "106"]
[EventDate "2022.03.25"]
[EventType "team-tourn"]
[EventRounds "7"]
[EventCountry "GER"]
[SourceTitle "playchess.com"]
[Source "ChessBase"]
[SourceQuality "1"]
[TimeControl "40/5400+30:1800+30"]

1. d4 d5 2. c3 Nf6 3. e3 Bf5 4. f4 e6 5. Bd3 Bxd3 6. Qxd3 Nbd7 7. Nf3 Bd6 8. O-O O-O 9. Ne5 c5 10. Nd2 Rc8 11. Ndf3 Ne4 12. Nd2 Nxd2 13. Bxd2 f6 14. Ng4 Qe7 15. Qe2 Rfe8 16. Qf2 h5 17. Ne5 fxe5 18. fxe5 Bc7 19. Qg3 Rf8 20. Qg6 Rxf1+ 21. Rxf1 Nf8 22. Qxh5 Qe8 23. Qh3 Rd8 24. Rf4 g6 25. Rh4 Kf7 26. e4 Ke7 27. Rh7+ Nxh7 28. Qxh7+ Qf7 29. Bg5+ Ke8 30. Qxf7+ Kxf7 31. Bxd8 Bxd8 32. exd5 exd5 33. Kf2 cxd4 34. cxd4 Bb6 35. Ke3 g5 36. Kd3 a5 37. g3 g4 38. Ke3 Ke6 39. Kd3 Ba7 40. Ke3 a4 41. a3 b5 42. Kd3 Kf5 43. Ke3 Bb8 44. h4 gxh3 45. Kf3 Ba7 46. g4+ Ke6 47. Kg3 Bxd4 48. Kxh3 Bxe5 49. Kg2 Bxb2 50. Kf3 Bxa3 51. Kf4 Bc1+ 52. Kf3 a3 53. g5 Bxg5 0-1

[Event "DVM U12 2021-22"]
[Site "Naumburg"]
[Date "2022.03.27"]
[Round "4"]
[White "Mende, Magnus"]
[Black "Savchenko, Maxim"]
[Result "0-1"]
[ECO "C50"]
[WhiteElo "737"]
[BlackElo "1141"]
[Annotator "NA"]
[PlyCount "124"]
[EventDate "2022.03.25"]
[EventType "team-tourn"]
[EventRounds "7"]
[EventCountry "GER"]
[SourceTitle "playchess.com"]
[Source "ChessBase"]
[SourceQuality "1"]
[TimeControl "40/5400+30:1800+30"]

1. e4 e5 2. Nf3 Nc6 3. Bc4 Nf6 4. Nc3 Bc5 5. O-O O-O 6. d3 d6 7. h3 h6 8. Be3 Bb6 9. Nd5 Re8 10. Qd2 Bxe3 11. Qxe3 a6 12. a3 b5 13. Nxf6+ Qxf6 14. Bd5 Bd7 15. c3 Qf4 16. Bxc6 Qxe3 17. fxe3 Bxc6 18. Rfe1 f6 19. Nd2 Bb7 20. d4 c6 21. b4 Rad8 22. Re2 Rc8 23. Rc1 c5 24. Nb3 Bxe4 25. dxc5 dxc5 26. Nxc5 Rxc5 27. bxc5 Rc8 28. Rb2 Rxc5 29. Rb4 Bd3 30. a4 a5 31. Rg4 e4 32. Kf2 f5 33. Rg6 bxa4 34. Ke1 a3 35. Kd2 a2 36. Ra1 Bc4 37. Rb6 Rd5+ 38. Kc2 Bd3+ 39. Kd2 Bb1+ 40. Ke2 Rd3 41. Rb8+ Kh7 42. Rb3 a4 43. Ra3 Kg6 44. g4 fxg4 45. hxg4 Kg5 46. Rxa4 Rxc3 47. Rxe4 Bxe4 48. Rxa2 Rc2+ 49. Rxc2 Bxc2 50. Kf3 Bd1+ 51. Kg3 Bxg4 52. e4 h5 53. e5 h4+ 54. Kh2 Be6 55. Kg2 Kf4 56. Kh2 g5 57. Kg2 g4 58. Kh2 Kxe5 59. Kg2 g3 60. Kh1 h3 61. Kg1 h2+ 62. Kh1 Bd5# 0-1

[Event "DVM U12 2021-22"]
[Site "Naumburg"]
[Date "2022.03.27"]
[Round "5"]
[White "Helms, Finn"]
[Black "Ermitsch, Magnus"]
[Result "0-1"]
[ECO "A45"]
[WhiteElo "1911"]
[BlackElo "2127"]
[Annotator "NA"]
[PlyCount "84"]
[EventDate "2022.03.25"]
[EventType "team-tourn"]
[EventRounds "7"]
[EventCountry "GER"]
[SourceTitle "playchess.com"]
[Source "ChessBase"]
[SourceQuality "1"]
[TimeControl "40/5400+30:1800+30"]

1. d4 Nf6 2. Bf4 d5 3. e3 c5 4. Nf3 Nc6 5. c3 Qb6 6. Qc1 Bf5 7. Nbd2 Rc8 8. Nb3 e6 9. Be2 cxd4 10. Nbxd4 Be4 11. O-O Bc5 12. Nxc6 bxc6 13. Ne5 h6 14. b4 Be7 15. a4 O-O 16. a5 Qb7 17. Bd3 a6 18. Rb1 Bxd3 19. Nxd3 Qb5 20. Ne5 c5 21. Qb2 cxb4 22. cxb4 Ne4 23. Nf3 Rc4 24. Nd4 Qxb4 25. Qxb4 Bxb4 26. Nc6 Rxc6 27. Rxb4 Nd2 28. Rb6 Rfc8 29. Rxc6 Rxc6 30. Rd1 Nb3 31. h4 Nxa5 32. h5 Nb3 33. e4 d4 34. Kf1 a5 35. Be5 a4 36. Rd3 f6 37. Bf4 Rc3 38. Rd1 e5 39. Bg3 a3 40. f3 a2 41. Be1 Rc1 42. Rxc1 Nxc1 0-1

[Event "DVM U12 2021-22"]
[Site "Naumburg"]
[Date "2022.03.27"]
[Round "5"]
[White "Haubold, Christian Lucas"]
[Black "Graham, David B"]
[Result "1-0"]
[ECO "B78"]
[WhiteElo "1808"]
[BlackElo "2128"]
[Annotator "NA"]
[PlyCount "67"]
[EventDate "2022.03.25"]
[EventType "team-tourn"]
[EventRounds "7"]
[EventCountry "GER"]
[SourceTitle "playchess.com"]
[Source "ChessBase"]
[SourceQuality "1"]
[TimeControl "40/5400+30:1800+30"]

1. e4 c5 2. Nf3 d6 3. d4 cxd4 4. Nxd4 Nf6 5. Nc3 g6 6. Be3 Bg7 7. f3 O-O 8. Qd2 Nc6 9. Bc4 Bd7 10. O-O-O Rc8 11. Bb3 Nxd4 12. Bxd4 b5 13. Nd5 Nxd5 14. exd5 Bxd4 15. Qxd4 a5 16. a3 Bf5 17. g4 Bd7 18. h4 Qc7 19. Rh2 Qc5 20. Qe4 b4 21. a4 e5 22. dxe6 fxe6 23. Bxe6+ Bxe6 24. Qxe6+ Kh8 25. h5 gxh5 26. gxh5 Rxf3 27. Qxd6 Qg5+ 28. Kb1 Rf5 29. Re2 Rcf8 30. Re5 Qf4 31. Rxf5 Qxf5 32. h6 Rf6 33. Qe7 Rg6 34. Rd8+ 1-0

[Event "DVM U12 2021-22"]
[Site "Naumburg"]
[Date "2022.03.27"]
[Round "5"]
[White "Torosyan, Bagrat"]
[Black "Zimmer, Tim"]
[Result "1-0"]
[ECO "C54"]
[WhiteElo "1695"]
[BlackElo "1170"]
[Annotator "NA"]
[PlyCount "76"]
[EventDate "2022.03.25"]
[EventType "team-tourn"]
[EventRounds "7"]
[EventCountry "GER"]
[SourceTitle "playchess.com"]
[Source "ChessBase"]
[SourceQuality "1"]
[TimeControl "40/5400+30:1800+30"]

1. e4 e5 2. Nf3 Nc6 3. Bc4 Bc5 4. c3 Nf6 5. d3 a6 6. O-O O-O 7. Nbd2 d5 8. exd5 Nxd5 9. a4 Ba7 10. Ne4 Bg4 11. h3 Bh5 12. Ng3 Bg6 13. h4 h6 14. h5 Bh7 15. a5 Re8 16. Qb3 Nce7 17. Nxe5 Qd6 18. d4 c5 19. Nf3 cxd4 20. cxd4 Red8 21. Bd2 Qf6 22. Bc3 Rab8 23. Qa2 Rbc8 24. Rac1 Qd6 25. Rfe1 Kf8 26. Ne4 Qf4 27. Ng3 Qd6 28. b3 Nxc3 29. Rxc3 Bxd4 30. Nxd4 Qxd4 31. Rf3 f6 32. Rfe3 Rc7 33. Qe2 Rdd7 34. Be6 Bd3 35. Qf3 Rd8 36. Rd1 Rc3 37. Ne2 Qd6 38. Nxc3 Nd5 1-0

[Event "DVM U12 2021-22"]
[Site "Naumburg"]
[Date "2022.03.27"]
[Round "5"]
[White "Dordevic, Tom"]
[Black "Lu, Yunong Elias"]
[Result "1-0"]
[ECO "A05"]
[WhiteElo "1671"]
[BlackElo "1677"]
[Annotator "NA"]
[PlyCount "101"]
[EventDate "2022.03.25"]
[EventType "team-tourn"]
[EventRounds "7"]
[EventCountry "GER"]
[SourceTitle "playchess.com"]
[Source "ChessBase"]
[SourceQuality "1"]
[TimeControl "40/5400+30:1800+30"]

1. Nf3 Nf6 2. g3 g6 3. Bg2 Bg7 4. O-O O-O 5. c4 c5 6. d4 cxd4 7. Nxd4 Nc6 8. Nc3 a6 9. Rb1 e6 10. Nxc6 bxc6 11. c5 Nd5 12. Ne4 Rb8 13. Qc2 a5 14. a3 Ba6 15. Rd1 f5 16. Bg5 Qc7 17. Nd6 h6 18. Bxd5 hxg5 19. Bg2 a4 20. Qxa4 Bxe2 21. Rd2 Bb5 22. Qd1 Ba6 23. Bf1 Bxf1 24. Kxf1 Qa7 25. Qc2 Rfd8 26. Kg2 Bf8 27. Qc3 Bg7 28. Qc4 Qa5 29. Qc2 Bf8 30. Rd3 Bxd6 31. Rxd6 Rb5 32. Qd3 Qa7 33. b4 Kf7 34. Rd1 Rb7 35. Rxc6 dxc6 36. Qxd8 Qxa3 37. Rd7+ Rxd7 38. Qxd7+ Kf6 39. b5 Qxc5 40. bxc6 Qc4 41. h3 Qe4+ 42. Kh2 f4 43. Qd8+ Kf7 44. Qc7+ Kf6 45. gxf4 gxf4 46. Qd6 g5 47. Qf8+ Kg6 48. Qc5 g4 49. hxg4 f3 50. Kg3 e5 51. Qc1 1-0

[Event "DVM U12 2021-22"]
[Site "Naumburg"]
[Date "2022.03.27"]
[Round "5"]
[White "Wartenberg, Alexander"]
[Black "Xue, Luka"]
[Result "0-1"]
[ECO "C11"]
[WhiteElo "1639"]
[BlackElo "1610"]
[Annotator "NA"]
[PlyCount "68"]
[EventDate "2022.03.25"]
[EventType "team-tourn"]
[EventRounds "7"]
[EventCountry "GER"]
[SourceTitle "playchess.com"]
[Source "ChessBase"]
[SourceQuality "1"]
[TimeControl "40/5400+30:1800+30"]

1. e4 e6 2. d4 d5 3. Nc3 Nf6 4. Bg5 dxe4 5. Bxf6 gxf6 6. Nxe4 Be7 7. Bd3 a6 8. Qd2 b5 9. c3 Bb7 10. f3 Nd7 11. Ne2 f5 12. Nf2 Rg8 13. Rg1 Bg5 14. f4 Bh6 15. g3 Nf6 16. O-O-O Bd5 17. Qc2 Qd6 18. c4 bxc4 19. Bxc4 Rb8 20. Bxd5 Nxd5 21. Nc3 Ne3 22. Qa4+ Ke7 23. Rd3 Rb4 24. Qa3 Nc4 25. Nd5+ exd5 26. Qc3 Bxf4+ 27. Kd1 Rxb2 28. Re1+ Kf8 29. gxf4 Rxf2 30. Rde3 Nxe3+ 31. Qxe3 Rgg2 32. Qe8+ Kg7 33. Re3 Rf1+ 34. Re1 Qxf4 0-1

[Event "DVM U12 2021-22"]
[Site "Naumburg"]
[Date "2022.03.27"]
[Round "5"]
[White "Braun, Julian"]
[Black "Klaska, Philipp Leon"]
[Result "0-1"]
[ECO "B23"]
[WhiteElo "1620"]
[BlackElo "1959"]
[Annotator "NA"]
[PlyCount "108"]
[EventDate "2022.03.25"]
[EventType "team-tourn"]
[EventRounds "7"]
[EventCountry "GER"]
[SourceTitle "playchess.com"]
[Source "ChessBase"]
[SourceQuality "1"]
[TimeControl "40/5400+30:1800+30"]

1. e4 c5 2. Nc3 e6 3. Nge2 a6 4. g3 Nc6 5. Bg2 Nf6 6. O-O Be7 7. a4 O-O 8. d3 h6 9. Be3 d5 10. exd5 exd5 11. d4 c4 12. Nf4 Nb4 13. Rc1 Bf5 14. Nh5 Qd7 15. Nxf6+ Bxf6 16. Re1 Rfe8 17. Qd2 Re7 18. b3 Rc8 19. Ne2 Na2 20. bxc4 Nxc1 21. Rxc1 Rxc4 22. Nf4 Be4 23. Bh3 Qxa4 24. c3 Rec7 25. Nh5 Qc6 26. Bf4 Bg6 27. Bxc7 Bxh5 28. Bf4 b5 29. g4 Bg6 30. Bf1 Ra4 31. Re1 a5 32. g5 hxg5 33. Bxg5 b4 34. Bxf6 Qxf6 35. Bb5 Ra3 36. cxb4 axb4 37. Qxb4 Ra2 38. Re8+ Kh7 39. Re2 Ra1+ 40. Re1 Rxe1+ 41. Qxe1 Qxd4 42. Qe2 Qe4 43. Qd1 d4 44. Be2 d3 45. Bf3 Qb4 46. Qf1 Bf5 47. Bd1 g6 48. f3 Qd2 49. Bb3 f6 50. Qa1 Bh3 51. Qa7+ Kh6 52. Qf2 Qc1+ 53. Bd1 Qxd1+ 54. Qe1 Qxe1# 0-1

[Event "DVM U12 2021-22"]
[Site "Naumburg"]
[Date "2022.03.27"]
[Round "5"]
[White "Smith, Tobias"]
[Black "Friedrich, Timofej"]
[Result "1-0"]
[ECO "D10"]
[WhiteElo "1571"]
[BlackElo "1377"]
[Annotator "NA"]
[PlyCount "67"]
[EventDate "2022.03.25"]
[EventType "team-tourn"]
[EventRounds "7"]
[EventCountry "GER"]
[SourceTitle "playchess.com"]
[Source "ChessBase"]
[SourceQuality "1"]
[TimeControl "40/5400+30:1800+30"]

1. d4 d5 2. c4 c6 3. cxd5 cxd5 4. Nc3 Nf6 5. Bf4 Nc6 6. e3 a6 7. Bd3 Bg4 8. Nf3 Bxf3 9. Qxf3 e6 10. a3 Bd6 11. Bg3 b5 12. O-O h6 13. Rac1 Ne7 14. Bxd6 Qxd6 15. Bxb5+ axb5 16. Nxb5 Qb8 17. Nc7+ Kd7 18. Nxa8 Qxa8 19. Qg3 Ne8 20. Rc3 Nf5 21. Qf3 f6 22. Rfc1 Nfd6 23. Qh5 Rf8 24. Qg6 Qb7 25. Qc2 Nc4 26. Qa4+ Kd8 27. Rb3 Qc8 28. Qa7 Ned6 29. Rb8 g5 30. Rxc8+ Nxc8 31. Qg7 Ke8 32. b3 N4d6 33. Rc7 Rf7 34. Qg8+ 1-0

[Event "DVM U12 2021-22"]
[Site "Naumburg"]
[Date "2022.03.27"]
[Round "5"]
[White "Merenda, Lukas-Benedikt"]
[Black "Haubold, Sebastian Marcel"]
[Result "1/2-1/2"]
[ECO "C24"]
[WhiteElo "1479"]
[BlackElo "1869"]
[Annotator "NA"]
[PlyCount "95"]
[EventDate "2022.03.25"]
[EventType "team-tourn"]
[EventRounds "7"]
[EventCountry "GER"]
[SourceTitle "playchess.com"]
[Source "ChessBase"]
[SourceQuality "1"]
[TimeControl "40/5400+30:1800+30"]

1. e4 e5 2. Bc4 Nf6 3. d4 exd4 4. Nf3 Bc5 5. e5 d5 6. exf6 dxc4 7. Qe2+ Be6 8. fxg7 Rg8 9. Bh6 Nc6 10. O-O Qf6 11. Qd2 O-O-O 12. Qg5 Be7 13. Nbd2 Qxg5 14. Nxg5 Bxg5 15. Bxg5 Rd5 16. Bf6 Bf5 17. f4 Bxc2 18. g4 b5 19. Rfc1 Bd3 20. a4 Kb7 21. Nf3 b4 22. Kf2 Rd6 23. g5 c3 24. bxc3 dxc3 25. h4 Be4 26. Rd1 Bxf3 27. Kxf3 Rxd1 28. Rxd1 Kb6 29. Rd5 a6 30. Ke2 c2 31. Kd2 b3 32. a5+ Nxa5 33. Bd4+ c5 34. Rxc5 Nc6 35. Be3 Kb7 36. Rc3 Rxg7 37. Rxb3+ Kc7 38. Kxc2 Rg8 39. f5 Ne7 40. f6 Nf5 41. h5 Nxe3+ 42. Rxe3 Rxg5 43. Re7+ Kd6 44. Rxf7 Rxh5 45. Ra7 Ke6 46. Rxa6+ Kf7 47. Kd3 Rf5 48. Ra7+ 1/2-1/2

[Event "DVM U12 2021-22"]
[Site "Naumburg"]
[Date "2022.03.27"]
[Round "5"]
[White "Eichner, Tim"]
[Black "Fadeev, Justin Michael"]
[Result "0-1"]
[ECO "B30"]
[WhiteElo "1460"]
[BlackElo "1327"]
[Annotator "NA"]
[PlyCount "64"]
[EventDate "2022.03.25"]
[EventType "team-tourn"]
[EventRounds "7"]
[EventCountry "GER"]
[SourceTitle "playchess.com"]
[Source "ChessBase"]
[SourceQuality "1"]
[TimeControl "40/5400+30:1800+30"]

1. e4 c5 2. Nf3 Nc6 3. Bc4 g6 4. O-O Bg7 5. c3 e6 6. d4 d5 7. exd5 exd5 8. Bb5 cxd4 9. cxd4 Nge7 10. Nc3 O-O 11. Be3 a6 12. Be2 Nf5 13. Qd2 Re8 14. a3 Nxe3 15. fxe3 Bh6 16. Nd1 Qe7 17. Qd3 Bxe3+ 18. Kh1 Bf5 19. Qb3 Bxd4 20. Nxd4 Nxd4 21. Qxd5 Nxe2 22. Nf2 Nf4 23. Qc4 Qe5 24. Rad1 Rad8 25. Qb3 Rxd1 26. Qxd1 Qd5 27. Qxd5 Nxd5 28. g3 Re2 29. Nd1 Be4+ 30. Kg1 Rg2+ 31. Kh1 Rxg3+ 32. Rf3 Bxf3# 0-1

[Event "DVM U12 2021-22"]
[Site "Naumburg"]
[Date "2022.03.27"]
[Round "5"]
[White "Middendorf, Sven-Jonas"]
[Black "Fruth, David"]
[Result "1/2-1/2"]
[ECO "B20"]
[WhiteElo "1424"]
[BlackElo "1607"]
[Annotator "NA"]
[PlyCount "77"]
[EventDate "2022.03.25"]
[EventType "team-tourn"]
[EventRounds "7"]
[EventCountry "GER"]
[SourceTitle "playchess.com"]
[Source "ChessBase"]
[SourceQuality "1"]
[TimeControl "40/5400+30:1800+30"]

1. e4 c5 2. Ne2 g6 3. d3 Bg7 4. Nbc3 Nc6 5. Be3 d6 6. g3 Ne5 7. Bg2 Bg4 8. f4 Nf3+ 9. Bxf3 Bxf3 10. Rf1 Bxe2 11. Qxe2 Qb6 12. O-O-O Qa5 13. Bd2 b5 14. Kb1 Rb8 15. a3 b4 16. Nd5 Bxb2 17. Bc1 bxa3 18. Ka2 Bd4 19. Qd2 Rb2+ 20. Bxb2 Qxd2 21. Rxd2 Bxb2 22. Nc7+ Kd7 23. Nb5 Nf6 24. Nxa3 Bc3 25. Re2 Kc6 26. Rb1 Nd7 27. Nc4 Nb6 28. Nxb6 axb6 29. Kb3 Bg7 30. c3 Ra8 31. Rc2 b5 32. c4 bxc4+ 33. Rxc4 Rb8+ 34. Kc2 Ra8 35. Kd2 Bd4 36. Rbc1 Kb5 37. Rb1+ Kc6 38. Rbc1 Kb5 39. Rb1+ 1/2-1/2

[Event "DVM U12 2021-22"]
[Site "Naumburg"]
[Date "2022.03.27"]
[Round "5"]
[White "Moldovan, Tatiana"]
[Black "Bock, Leonas"]
[Result "1-0"]
[ECO "B24"]
[WhiteElo "1403"]
[BlackElo "1341"]
[Annotator "NA"]
[PlyCount "103"]
[EventDate "2022.03.25"]
[EventType "team-tourn"]
[EventRounds "7"]
[EventCountry "GER"]
[SourceTitle "playchess.com"]
[Source "ChessBase"]
[SourceQuality "1"]
[TimeControl "40/5400+30:1800+30"]

1. e4 c5 2. Nc3 Nc6 3. Bb5 e6 4. Bxc6 bxc6 5. f4 d5 6. Nf3 Ne7 7. O-O g6 8. d3 Bg7 9. Qe1 O-O 10. Na4 Qc7 11. Kh1 f5 12. e5 d4 13. Nxc5 Qb6 14. b4 Rd8 15. Bb2 Rb8 16. a3 Qc7 17. Nxd4 Kf7 18. Nf3 h6 19. c4 Bf8 20. Nd2 a5 21. Bc3 Ng8 22. Ndb3 a4 23. Nxa4 Rxd3 24. Rd1 Rxd1 25. Qxd1 Ba6 26. Nb2 Rd8 27. Qf3 c5 28. b5 Bb7 29. Qe2 Qb8 30. Rd1 Be7 31. Rxd8 Qxd8 32. Nd3 Qc8 33. Qe3 Qd7 34. Be1 Ba8 35. h3 Qb7 36. Qe2 Qa7 37. Ba5 Be4 38. Qe3 g5 39. Qe2 Kg7 40. Nf2 Ba8 41. Nd1 gxf4 42. Qf2 Qb7 43. Nc3 Bh4 44. Qe2 Be7 45. Na4 Qa7 46. Qf2 Kh7 47. Qxf4 Qb7 48. Qf2 Qa7 49. Naxc5 Bxc5 50. Qxc5 Qg7 51. Qf2 Qxe5 52. Qa7+ 1-0

[Event "DVM U12 2021-22"]
[Site "Naumburg"]
[Date "2022.03.27"]
[Round "5"]
[White "Zhang, Yibo"]
[Black "Lorenz, Veronika"]
[Result "0-1"]
[ECO "C45"]
[WhiteElo "1397"]
[BlackElo "1388"]
[Annotator "NA"]
[PlyCount "86"]
[EventDate "2022.03.25"]
[EventType "team-tourn"]
[EventRounds "7"]
[EventCountry "GER"]
[SourceTitle "playchess.com"]
[Source "ChessBase"]
[SourceQuality "1"]
[TimeControl "40/5400+30:1800+30"]

1. e4 e5 2. Nf3 Nc6 3. d4 exd4 4. Nxd4 Nf6 5. Nxc6 bxc6 6. e5 Qe7 7. Qe2 Nd5 8. c4 Nb6 9. b3 Bb7 10. Nc3 a5 11. a3 Qe6 12. Rb1 Ba6 13. f4 a4 14. Nxa4 Bxc4 15. bxc4 Nxa4 16. Qf3 Bc5 17. Bd3 Nb6 18. Qe4 Qe7 19. f5 Kd8 20. Bb2 Bxa3 21. O-O Bxb2 22. Rxb2 Re8 23. Re1 Qc5+ 24. Kh1 Qa3 25. Reb1 Qa5 26. Re2 Qa3 27. Reb2 Qc5 28. Re2 Kc8 29. h3 Ra4 30. Qg4 Rxe5 31. Qxg7 Rxe2 32. Bxe2 Qxf5 33. Rb3 Qf4 34. Qc3 f6 35. Qb2 Qe5 36. Rc3 Nxc4 37. Bxc4 Rxc4 38. Qa1 Rb4 39. Qc1 Re4 40. Rf3 Re1+ 41. Qxe1 Qxe1+ 42. Kh2 Qe5+ 43. Kh1 c5 0-1

[Event "DVM U12 2021-22"]
[Site "Naumburg"]
[Date "2022.03.27"]
[Round "5"]
[White "Beberhold, Otto Richard"]
[Black "Moldovan, Stela"]
[Result "1-0"]
[ECO "D05"]
[WhiteElo "1368"]
[BlackElo "1209"]
[Annotator "NA"]
[PlyCount "79"]
[EventDate "2022.03.25"]
[EventType "team-tourn"]
[EventRounds "7"]
[EventCountry "GER"]
[SourceTitle "playchess.com"]
[Source "ChessBase"]
[SourceQuality "1"]
[TimeControl "40/5400+30:1800+30"]

1. d4 d5 2. Nf3 Nf6 3. e3 e6 4. Bd3 Bd6 5. O-O b6 6. Nbd2 Bb7 7. b3 Nbd7 8. Bb2 O-O 9. Ne5 c5 10. f4 Ne4 11. Rf3 cxd4 12. exd4 f6 13. Nxd7 Qxd7 14. Rh3 Bxf4 15. Bxe4 dxe4 16. Qe2 f5 17. Rf1 e5 18. Nc4 Ba6 19. g3 Bxc4 20. Qxc4+ Kh8 21. gxf4 Rac8 22. Qe2 exd4 23. Qh5 h6 24. Rd1 Qe6 25. Bxd4 Kh7 26. Rd2 Rfd8 27. c3 b5 28. Rg2 Rxd4 29. cxd4 Rc1+ 30. Kf2 Rc2+ 31. Kg3 Rc3+ 32. Kh4 Qf6+ 33. Rg5 Rxh3+ 34. Kxh3 g6 35. Qh4 Qxd4 36. Rg3 Qf2 37. Qe7+ Kh8 38. Qe8+ Kh7 39. Qxg6+ Kh8 40. Qg7# 1-0

[Event "DVM U12 2021-22"]
[Site "Naumburg"]
[Date "2022.03.27"]
[Round "5"]
[White "Flierl, Veronika"]
[Black "Goldschmidt, Jakob"]
[Result "0-1"]
[ECO "C23"]
[WhiteElo "1356"]
[BlackElo "1081"]
[Annotator "NA"]
[PlyCount "130"]
[EventDate "2022.03.25"]
[EventType "team-tourn"]
[EventRounds "7"]
[EventCountry "GER"]
[SourceTitle "playchess.com"]
[Source "ChessBase"]
[SourceQuality "1"]
[TimeControl "40/5400+30:1800+30"]

1. e4 e5 2. Nf3 Nc6 3. Bc4 Bc5 4. c3 d6 5. d4 exd4 6. cxd4 Bb6 7. h3 Nge7 8. Be3 Ng6 9. O-O h6 10. Nc3 O-O 11. Qc2 Qf6 12. Nd5 Qd8 13. Rfd1 Nh4 14. Nxh4 Qxh4 15. Nxb6 axb6 16. Bb5 Bd7 17. a3 Rfe8 18. f3 Ra5 19. Ba4 Qg3 20. b4 Raa8 21. Bf2 Qg5 22. Kh2 d5 23. e5 Re6 24. b5 Rg6 25. Be1 Nxd4 26. Qf2 Rxa4 27. f4 Nf3+ 28. Qxf3 Rxf4 29. Qg3 c6 30. Qxg5 Rxg5 31. Bd2 Rff5 32. Bxg5 Rxg5 33. bxc6 bxc6 34. Rab1 b5 35. Re1 c5 36. Rbd1 d4 37. Re4 Bc6 38. Re2 Kf8 39. Rdd2 Ke7 40. Kg1 Ke6 41. Kf1 Rxe5 42. g4 b4 43. axb4 Bb5 44. bxc5 Rxe2 45. Rxe2+ Bxe2+ 46. Kxe2 Kd5 47. c6 Kxc6 48. Kd2 Kd5 49. Kd3 g6 50. h4 f5 51. h5 fxg4 52. hxg6 Ke6 53. Kxd4 Kf6 54. Ke4 Kxg6 55. Kf4 Kh5 56. Kg3 Kg5 57. Kg2 Kf4 58. Kf2 g3+ 59. Kg2 Kg4 60. Kg1 Kf3 61. Kh1 h5 62. Kg1 g2 63. Kh2 Kf2 64. Kh3 g1=Q 65. Kh4 Qg4# 0-1